[gd_scene load_steps=16 format=3 uid="uid://cmxnjlx5abn33"]

[ext_resource type="Script" path="res://src/autoloads/sound_manager.gd" id="1_neqso"]
[ext_resource type="AudioStream" uid="uid://cur2txb74wk64" path="res://assets/sound/music/jingle_win.ogg" id="2_0ds18"]
[ext_resource type="AudioStream" uid="uid://dixtala6sviys" path="res://assets/sound/voice/intro_p1.ogg" id="2_bujd5"]
[ext_resource type="AudioStream" uid="uid://jt2srltsfpg0" path="res://assets/sound/voice/intro_p2.ogg" id="3_2aste"]
[ext_resource type="AudioStream" uid="uid://beo6l2gvlghsa" path="res://assets/sound/music/menu_music.ogg" id="4_6p54c"]
[ext_resource type="AudioStream" uid="uid://b5pt10406nlp4" path="res://assets/sound/music/fish piano joyeux.ogg" id="4_xru6r"]
[ext_resource type="AudioStream" uid="uid://buxouuykx3rp6" path="res://assets/sound/music/level_abysse.ogg" id="6_sng8v"]
[ext_resource type="AudioStream" uid="uid://dw3aqqwuk7v7g" path="res://assets/sound/music/shark_music.ogg" id="7_s4p37"]
[ext_resource type="AudioStream" uid="uid://52ru1dpxtwbo" path="res://assets/sound/music/hole_music.ogg" id="7_x1ttp"]
[ext_resource type="AudioStream" uid="uid://duodcpd4gfi80" path="res://assets/sound/sfx/ui_click.ogg" id="8_1odw2"]
[ext_resource type="AudioStream" uid="uid://cs2qfa6uggbsh" path="res://assets/sound/music/kraken_music.ogg" id="8_vj01o"]
[ext_resource type="AudioStream" uid="uid://c58ibep0o2amr" path="res://assets/sound/sfx/ui_start.ogg" id="9_unars"]
[ext_resource type="AudioStream" uid="uid://ddu37fxp6ysg8" path="res://assets/sound/sfx/school_bonus.ogg" id="10_4ke8c"]
[ext_resource type="AudioStream" uid="uid://xk32fs83ycoe" path="res://assets/sound/voice/tuto_others.ogg" id="10_ec2nj"]
[ext_resource type="AudioStream" uid="uid://5rhiv5hdewcc" path="res://assets/sound/voice/end.ogg" id="12_w1dfj"]

[node name="SoundManager" type="Node"]
script = ExtResource("1_neqso")

[node name="Musics" type="Node" parent="."]

[node name="Win" type="AudioStreamPlayer" parent="Musics"]
stream = ExtResource("2_0ds18")
bus = &"Music"

[node name="Piano" type="AudioStreamPlayer" parent="Musics"]
stream = ExtResource("4_xru6r")
bus = &"Music"

[node name="Menu" type="AudioStreamPlayer" parent="Musics"]
stream = ExtResource("4_6p54c")
volume_db = 5.0
bus = &"Music"

[node name="level_abysse" type="AudioStreamPlayer" parent="Musics"]
stream = ExtResource("6_sng8v")
bus = &"Music"

[node name="level_abysse_LP" type="AudioStreamPlayer" parent="Musics"]
stream = ExtResource("6_sng8v")
bus = &"Abysse_LP"

[node name="level_abysse_LP2" type="AudioStreamPlayer" parent="Musics"]
stream = ExtResource("6_sng8v")
bus = &"Abysse_LP2"

[node name="shark_music" type="AudioStreamPlayer" parent="Musics"]
stream = ExtResource("7_s4p37")
bus = &"Shark_Mus"

[node name="HoleZone" type="AudioStreamPlayer" parent="Musics"]
stream = ExtResource("7_x1ttp")
bus = &"Angler"

[node name="KrakenZone" type="AudioStreamPlayer" parent="Musics"]
stream = ExtResource("8_vj01o")
bus = &"Kraken"

[node name="Voices" type="Node" parent="."]

[node name="IntroP1" type="AudioStreamPlayer" parent="Voices"]
stream = ExtResource("2_bujd5")
volume_db = 2.0
bus = &"Voice"

[node name="Compass" type="AudioStreamPlayer" parent="Voices"]
stream = ExtResource("10_ec2nj")
bus = &"Voice"

[node name="IntroP2" type="AudioStreamPlayer" parent="Voices"]
stream = ExtResource("3_2aste")
bus = &"Voice"

[node name="End" type="AudioStreamPlayer" parent="Voices"]
stream = ExtResource("12_w1dfj")
bus = &"Voice"

[node name="ButtonClick" type="AudioStreamPlayer" parent="."]
stream = ExtResource("8_1odw2")
volume_db = 5.0
bus = &"Sound"

[node name="ButtonClick2" type="AudioStreamPlayer" parent="."]
stream = ExtResource("9_unars")
bus = &"Sound"

[node name="GetClan" type="AudioStreamPlayer" parent="."]
stream = ExtResource("10_4ke8c")
volume_db = -7.0
bus = &"Sound"
